 Dungeon Crawl Stone Soup version 0.20-a0-1065-g8446734 (webtiles) character file.

248 galech the Cudgeler (level 6, -4/65 HPs)
             Began as an Ogre Berserker on Apr 28, 2017.
             Was a Believer of Trog.
             Slain by galech's ghost (7 damage)
             ... on level 3 of the Dungeon.
             The game lasted 00:05:42 (3245 turns).

galech the Cudgeler (Ogre Berserker)                Turns: 3245, Time: 00:05:43

Health: -4/65      AC:  3    Str: 24    XL:     6   Next: 12%
Magic:  6/6        EV: 10    Int:  8    God:    Trog [**....]
Gold:   111        SH:  0    Dex:  8    Spells: 5/5 levels left

rFire    . . .     SeeInvis .   a - +0 mace
rCold    . . .     Gourm    .   (no shield)
rNeg     . . .     Faith    .   b - +0 animal skin
rPois    .         Spirit   .   (helmet restricted)
rElec    .         Reflect  .   (no cloak)
rCorr    .         Harm     .   (gloves unavailable)
MR       .....                  (boots unavailable)
Stlth    +.........             (no amulet)
Regen    0.2/turn               (no ring)
MPRegen  0.1/turn               (no ring)

@: slowed, very slow
A: unfitting armour, tough skin 1
a: Berserk, Trog's Hand, Burn Spellbooks, Renounce Religion


You were on level 3 of the Dungeon.
You worshipped Trog.
Trog was pleased with you.
You were near starving.

You visited 1 branch of the dungeon, and saw 3 of its levels.

You collected 111 gold pieces.

Inventory:

Hand Weapons
 a - a +0 mace (weapon)
Armour
 b - a +0 animal skin (worn)
Scrolls
 e - 2 scrolls of identify
 g - 2 scrolls of fear
 i - a scroll of enchant weapon {unknown}
 k - a scroll of amnesia {unknown}
 l - a scroll of magic mapping {unknown}
 m - a scroll of enchant armour {unknown}
 n - a scroll of random uselessness {unknown}
Potions
 d - a potion of might {unknown}
 f - 2 potions of heal wounds {unknown}
 h - 2 potions of curing {unknown}
Comestibles
 c - 4 bread rations
 j - 2 fruits


   Skills:
 + Level 4.9 Fighting
 + Level 5.0 Maces & Flails
 + Level 3.7 Dodging
 + Level 0.1 Stealth


You had 5 spell levels left.
You didn't know any spells.

Dungeon Overview and Level Annotations

Branches:
Dungeon (3/15)

Altars:
Makhleb

Annotations:
D:3 galech's ghost, amateur OgBe


Innate Abilities, Weirdness & Mutations

You are too large for most types of armour.
You have tough skin. (AC +1)


Message History

The hobgoblin closely misses you. Galech's ghost hits you!
* * * LOW HITPOINT WARNING * * *
The hobgoblin hits you with a club.
* * * LOW HITPOINT WARNING * * *
A hobgoblin comes into view. It is wielding a club.
Things that are here:
a club; 10 stones
As you read the scroll labeled TYENUYCKOC, it crumbles to dust.
It is a scroll of identify.
g - 2 scrolls of fear The hobgoblin shouts!
Galech's ghost hits you!
* * * LOW HITPOINT WARNING * * *
The hobgoblin closely misses you.
Okay, then.
Your skin stops crawling.
You feel less resistant to hostile enchantments.
Galech's ghost shouts, "You will never get the ORB!"
Galech's ghost hits you!
You die...

##..P.##..#### #.#
#.###.... #...PP..##(.#
#.# #........
###...####(.# ##.#
#.##..... .....##
#(.###)# #. #.)...
........##(....##
...#.....
......#..#)....#
......... .....
#....)..####....##.....
##..(.......... ##....
.....#...@######. ##...
####.####W## ###.
.......g.# #.
####..#..# >####.
##.##.# ....... # g#
...###. .. . ## ..# ..#


You could see galech's ghost and 2 hobgoblins.

Vanquished Creatures
  A crimson imp (D:2)
  A centaur zombie (D:3)
  A centaur skeleton (D:3)
  2 hound skeletons (D:3)
  6 adders
  An adder zombie (D:3)
  3 worms (D:2)
  A leopard gecko (D:2)
  2 orcs (D:3)
  A ball python (D:3)
  8 bats
  7 giant cockroaches
  A goblin (D:1)
  8 hobgoblins
  11 kobolds
  4 frilled lizards
  10 rats
68 creatures vanquished.

Notes
Turn   | Place    | Note
-------+----------+-------------------------------------------
     0 | D:1      | galech the Ogre Berserker began the quest for the Orb.
     0 | D:1      | Reached XP level 1. HP: 24/24 MP: 1/1
   537 | D:1      | Reached XP level 2. HP: 30/32 MP: 2/2
   979 | D:2      | Reached skill level 3 in Maces & Flails
  1041 | D:2      | Reached XP level 3. HP: 32/39 MP: 3/3
  1115 | D:2      | Found a burning altar of Makhleb.
  1146 | D:2      | Reached XP level 4. HP: 32/48 MP: 4/4
  1234 | D:2      | Reached ** piety under Trog
  1602 | D:2      | Reached skill level 4 in Maces & Flails
  2077 | D:2      | Reached XP level 5. HP: 29/55 MP: 5/5
  2804 | D:3      | Reached XP level 6. HP: 7/65 MP: 6/6
  2971 | D:3      | Reached skill level 5 in Maces & Flails
  3223 | D:3      | Noticed galech's ghost (amateur OgBe)
  3244 | D:3      | HP: 3/65 [galech's ghost (7)]
  3245 | D:3      | Slain by galech's ghost

Vault maps used:
D:1:      minmay_arrival_wavy_path, st_stairs_4
D:2:      makhleb_grotto_becter
D:3:      nicolae_overflow_crystal_walls, chequers_ecumenical_altar_grove,
          serial_undead, serial_undead_a, serial_undead_b, serial_undead_e,
          serial_undead_f, serial_undead_b, serial_undead_b, serial_undead_a,
          hangedman_decor_slide_cut, minivault_24, minmay_close_crescents

Skill      XL: |  1  2  3  4  5  6 |
---------------+-------------------+-----
Dodging        | 3 |  3.7
Maces & Flails | 3 4 5 |  5.0
Fighting       | |  4.9
Stealth        | |  0.1

Action                   |  1- 3 |  4- 6 || total
-------------------------+-------+-------++-------
Melee: Mace              |    95 |   184 ||   279
Invok: Trog's Hand       |       |     3 ||     3
       Berserk           |       |     1 ||     1
  Use: Scroll            |       |     1 ||     1
  Eat: Chunk             |     1 |     7 ||     8
Armor: Animal skin       |    43 |    65 ||   108
Dodge: Dodged            |    58 |   118 ||   176
